 Dungeon Crawl Stone Soup version 0.21.1-1-g345015fe64 (webtiles) character file.

217 RaHiT the Skirmisher (level 5, 0/45 (46) HPs)
             Began as a Ghoul Fighter on Apr 13, 2018.
             Killed from afar by an orc wizard (8 damage)
             ... with a magic dart
             ... on level 3 of the Dungeon.
             The game lasted 00:07:14 (1633 turns).

RaHiT the Skirmisher (Ghoul Fighter)                Turns: 1633, Time: 00:07:14

HP:   0/45 (46)     AC:  9    Str: 21    XL:     5   Next: 94%
MP:   4/4           EV:  7    Int:  3    God:
Gold: 147           SH:  9    Dex:  8    Spells: 4/4 levels left

rFire    + . .     SeeInvis .   a - +0 war axe
rCold    . . .     Gourm    .   c - +0 shield
rNeg     + + +     Faith    .   b - +0 scale mail
rPois    ∞         Spirit   .   (no helmet)
rElec    .         Reflect  .   (no cloak)
rCorr    .         Harm     .   o - +0 pair of gloves
MR       .....                  q - +0 pair of boots
Stlth    ..........             (no amulet)
HPRegen  0.00/turn              e - ring of fire
MPRegen  0.09/turn              (no ring)

@: rotting
A: rotting body, claws 1, carnivore, cold resistance 1, negative energy
resistance 3, inhibited regeneration, torment resistance, unbreathing
a: no special abilities


You were on level 3 of the Dungeon.
You were not hungry.

You visited 1 branch of the dungeon, and saw 4 of its levels.

You collected 147 gold pieces.

Inventory:

Hand Weapons
 a - a +0 war axe (weapon)
Missiles
 i - 20 poisoned needles
 w - 3 tomahawks (quivered)
 z - 5 needles of confusion
Armour
 b - a +0 scale mail (worn)
 c - a +0 shield (worn)
 o - a +0 pair of gloves (worn)
 q - a +0 pair of boots (worn)
Jewellery
 e - a ring of fire (left hand)
Scrolls
 h - a scroll of enchant weapon
 j - 5 scrolls of remove curse
 r - 2 scrolls of fear
 s - a scroll of amnesia
 u - 4 scrolls of blinking
 x - a scroll of enchant armour {unknown}
 y - a scroll of immolation {unknown}
Potions
 d - a potion of might
 k - 2 potions of invisibility {unknown}
 l - a potion of haste {unknown}
 m - 2 potions of brilliance {unknown}
 n - a potion of curing {unknown}
 p - a potion of mutation {unknown}
 t - a potion of agility {unknown}
 v - a potion of heal wounds {unknown}
Comestibles
 f - 7 rations
 g - a chunk of flesh


   Skills:
 - Level 4.0 Fighting
 * Level 3.6 Axes
 + Level 1.8 Throwing
 + Level 3.1 Armour
 + Level 3.4 Shields


You had 4 spell levels left.
You didn't know any spells.

Dungeon Overview and Level Annotations

Branches:
Dungeon (4/15)
 Temple: D:4-7

Altars:
Cheibriados
Qazlal


Innate Abilities, Weirdness & Mutations

Your body is rotting away.
You thrive on raw meat.
You are immune to poison.
You have sharp fingernails.
You are carnivorous and can eat meat at any time.
Your flesh is cold resistant. (rC+)
You are immune to negative energy. (rN+++)
You do not regenerate when monsters are visible.
You are immune to unholy pain and torment.
You can survive without breathing.


Message History

A puff of flame appears from out of thin air!
The puff of flame hits you! You resist.
You closely miss something. Something hits you but does no damage.
You miss something. Something hits you but does no damage.
You miss something.
You hear some strange, mumbled words.
A magic dart appears from out of thin air!
The magic dart hits you!
* * * LOW HITPOINT WARNING * * *
Something hits you but does no damage.
You miss something. You block something's attack.
You completely miss something.
An orc wizard appears from thin air!
Reactivating autopickup.
You block the orc wizard's attack.
You slash the orc wizard!
The orc wizard is almost dead.
The orc wizard hits you but does no damage.
The orc wizard casts a spell at you. The magic dart hits you!
You die...

......# #...#
#........
......# #...#
#........#
......# #...#
#......<.#
......# #...#
#.....<..>
......# #...#
#........#
#######
#...###.........
+...'.'.........
#...###)o.......
##### ##@...#+#
#)##.# #.# .#
#.# . #.# . #..
###


You could see an orc wizard.

Vanquished Creatures
  An orc priest (D:4)
  2 orc wizards
  A worker ant (D:3)
  5 adders
  2 worms
  A dart slug (D:1)
  2 leopard geckos
  5 orcs (D:3)
  A giant cockroach (D:1)
  4 goblins
  6 hobgoblins
  3 jackals
  5 bats
  3 frilled lizards (D:2)
  4 kobolds
  8 rats
53 creatures vanquished.

Notes
Turn   | Place    | Note
-------+----------+-------------------------------------------
     0 | D:1      | RaHiT the Ghoul Fighter began the quest for the Orb.
     0 | D:1      | Reached XP level 1. HP: 19/19 MP: 0/0
   161 | D:1      | Reached XP level 2. HP: 21/26 MP: 1/1
   578 | D:2      | Reached XP level 3. HP: 29/31 MP: 2/2
   671 | D:2      | Found a snail-covered altar of Cheibriados.
   939 | D:2      | Found a stormy altar of Qazlal.
  1127 | D:2      | Reached skill level 1 in Throwing
  1127 | D:2      | Reached XP level 4. HP: 31/40 MP: 3/3
  1193 | D:2      | You fall through a shaft for 2 floors!
  1233 | D:3      | Reached XP level 5. HP: 28/45 MP: 4/4
  1247 | D:4      | Reached skill level 4 in Fighting
  1633 | D:3      | Killed from afar by an orc wizard

Skill      XL: |  1  2  3  4  5 |
---------------+----------------+-----
Axes           | 2 3 |  3.6
Armour         | 3 |  3.1
Shields        | 3 |  3.4
Throwing       | 1 |  1.8
Fighting       | 4 |  4.0

Action                   |  1- 3 |  4- 6 || total
-------------------------+-------+-------++-------
Melee: War axe           |   123 |   105 ||   228
Throw: Tomahawk          |       |     1 ||     1
  Use: Scroll            |     3 |     2 ||     5
  Eat: Chunk             |    15 |     7 ||    22
Armor: Scale mail        |    65 |    58 ||   123
Dodge: Dodged            |    45 |    30 ||    75
Block: Shield            |    60 |    53 ||   113
